 Dungeon Crawl Stone Soup version 0.26.1-11-gd32895ea62 (webtiles) character file.

Game seed: 2625432443861808269

2748 Almogavar the Cleaver (level 9, -6/79 HPs)
             Began as a Hill Orc Fighter on Apr 12, 2021.
             Killed by divine providence
             ... invoked by an orc priest
              (16 damage)
             ... on level 7 of the Dungeon on Apr 13, 2021.
             The game lasted 00:18:05 (7420 turns).

Almogavar the Cleaver (Hill Orc Fighter)            Turns: 7420, Time: 00:18:06

Health: -6/79      AC:  7    Str: 28    XL:     9   Next: 68%
Magic:  9/9        EV:  9    Int:  8    God:
Gold:   377        SH: 11    Dex: 10    Spells: 8/8 levels left

rFire    + . .     SeeInvis .   a - +1 war axe
rCold    . . .     Faith    .   c - +0 kite shield
rNeg     . . .     Spirit   .   b - +0 scale mail
rPois    .         Reflect  .   (no helmet)
rElec    .         Harm     .   (no cloak)
rCorr    .         Rampage  .   (no gloves)
Will     .....                  (no boots)
Stlth    ..........             (no amulet)
HPRegen  0.23/turn              t - ring of protection from fire
MPRegen  0.11/turn              s - +6 ring of strength

@: about to teleport
A: no striking features
a: Convert to Beogh


You were on level 7 of the Dungeon.
You visited 1 branch of the dungeon, and saw 7 of its levels.
You also visited: Ossuary.

You collected 377 gold pieces.

Inventory:

Hand Weapons
 a - a +1 war axe (weapon)
Missiles
 h - 4 javelins (quivered)
 k - 3 boomerangs
Armour
 b - a +0 scale mail (worn)
 c - a +0 kite shield (worn)
Jewellery
 l - an uncursed ring of wizardry
 s - a +6 ring of strength (right hand)
 t - a ring of protection from fire (left hand)
 B - an uncursed ring of protection from fire
Wands
 m - a wand of paralysis (4)
 w - a wand of disintegration (17)
 C - a wand of flame (7)
Scrolls
 j - 5 scrolls of remove curse
 n - a scroll of enchant weapon
 p - 2 scrolls of fear
 v - a scroll of blinking {unknown}
 x - 2 scrolls of holy word {unknown}
 y - a scroll of fog {unknown}
 D - a scroll of magic mapping {unknown}
Potions
 d - 3 potions of might
 f - a potion of berserk rage {unknown}
 g - 3 potions of curing
 i - a potion of ambrosia
 o - 2 potions of brilliance {unknown}
 q - a potion of resistance {unknown}
 r - a potion of haste
 u - a potion of degeneration {unknown}
 z - 4 potions of heal wounds
 A - a potion of mutation {unknown}


   Skills:
 + Level 7.5 Fighting
 + Level 11.2 Axes
 + Level 0.3 Throwing
 + Level 6.8 Armour
 + Level 2.2 Dodging
 + Level 0.4 Stealth
 + Level 6.3 Shields


You had 8 spell levels left.
You didn't know any spells.
Your spell library contained the following spells:

 Spells                   Type           Power        Failure   Level
 Animate Skeleton         Necr           0%           95%         1
 Apportation              Tloc           0%           95%         1
 Corona                   Hex            0%           95%         1
 Summon Small Mammal      Summ           0%           95%         1
 Confusing Touch          Hex            0%           100%        3
 Gell's Gravitas          Tloc           0%           100%        3
 Petrify                  Tmut/Erth      0%           100%        4
 Metabolic Englaciation   Hex/Ice        0%           100%        5
 Yara's Violent Unravell  Hex/Tmut       0%           100%        5


Dungeon Overview and Level Annotations

Branches:
Dungeon (7/15)            Ossuary (visited)
 Temple: D:4-7

Altars:
Ashenzari
Dithmenos
Wu Jian
Xom

Shops:
D:6 (


Message History

You hit the orc warrior but do no damage.
The orc warrior is severely wounded.
You miss something.
The orc priest looks braver for a moment.
Something hits you but does no damage.
The orc warrior hits you with a +0 long sword.
* * * LOW HITPOINT WARNING * * *
You feel much better.
The orc priest calls upon Beogh to heal the orc warrior.
The orc warrior is healed somewhat.
You block something's attack.
As you read the scroll of teleportation, it crumbles to dust.
You feel strangely unstable. The orc warrior closely misses you.
Something hits you but does no damage.
Unknown command.
The orc priest calls down the wrath of Beogh upon you.
Beogh smites you!
* * * LOW HITPOINT WARNING * * *
The orc priest invokes the aid of Beogh against you.
Beogh smites you!
You die...

...8 #.#.# ..........##oo.
##### #.#.# ...........##.o
##...# #.#.# ............
#o##....# #.#.#
..........##.#'#So...# #.#.#
..........#..o..#....# #.#.#
........###.....#†#### #.#.#
........#.#....##o.# #####.#.#
.....<.......##.@..####.....#.#
...........####.............#.#
...........##.#.............#.#
..##.........)....#....#....#.#
.....#..†....(.#............#.#
.....#..............##.....#..#
....#........#.#....##.....#.##
............####.......)...#.#
..##..........#...#....#...#.#


You could see an orc warrior and an orc priest.

Vanquished Creatures
  Grinder (D:4)
  Sigmund (D:6)
  Eustachio (D:6)
  An ice beast (D:6)
  2 sky beasts (D:7)
  A necrophage (D:5)
  4 ogres
  A phantom (D:6)
  3 elf zombies
  2 bullfrogs
  3 elf skeletons (D:5)
  2 scorpions
  A centaur zombie (D:5)
  3 hounds
  A jelly (D:7)
  A bullfrog skeleton (D:5)
  A centaur skeleton (D:4)
  2 human zombies
  2 iguanas
  A human skeleton (D:5)
  2 orc wizards (D:6)
  4 worker ants
  A big kobold zombie (Ossuary)
  2 hound zombies
  A hound skeleton (D:4)
  2 mummies (Ossuary)
  12 adders
  2 shadow imps
  A white imp (D:6)
  2 ufetubi (D:6)
  An ooze (D:4)
  An adder zombie (Ossuary)
  2 adder skeletons (D:6)
  4 worms
  2 leopard geckos
  10 orcs
  2 ball pythons (D:2)
  4 giant cockroaches
  13 goblins
  5 hobgoblins
  11 jackals
  12 bats
  7 frilled lizards
  3 goblin zombies (Ossuary)
  10 hobgoblin zombies (Ossuary)
  A jackal zombie (Ossuary)
  9 kobolds
  10 kobold zombies (Ossuary)
  A leopard gecko skeleton (D:6)
  4 orc skeletons (D:5)
  8 orc zombies (Ossuary)
  A quokka skeleton (D:6)
  9 rats
  A rat zombie (Ossuary)
194 creatures vanquished.

Vanquished Creatures (others)
  3 plants (D:7)
3 creatures vanquished.

Grand Total: 197 creatures vanquished

Notes
Turn   | Place    | Note
-------+----------+-------------------------------------------
     0 | D:1      | Almogavar the Hill Orc Fighter began the quest for the Orb.
     0 | D:1      | Reached XP level 1. HP: 19/19 MP: 1/1
   181 | D:1      | Reached XP level 2. HP: 27/27 MP: 2/2
   210 | D:1      | Upgraded the game from 0.26.1-10-gdfb7c7de75 to
                  | 0.26.1-11-gd32895ea62
   437 | D:1      | Reached skill level 3 in Axes
   472 | D:1      | Reached XP level 3. HP: 26/33 MP: 3/3
  1371 | D:2      | Reached XP level 4. HP: 14/40 MP: 4/4
  2234 | D:2      | Found an iron altar of Okawaru.
  2240 | D:2      | Found a broken altar of Ashenzari.
  2240 | D:2      | Found a shadowy altar of Dithmenos.
  2242 | D:2      | Found a white marble altar of Elyvilon.
  2242 | D:2      | Found an ornate altar of the Wu Jian Council.
  2242 | D:2      | Found a shimmering altar of Xom.
  2378 | D:3      | Reached skill level 4 in Axes
  2518 | D:3      | Found a faded altar of an unknown god.
  2708 | D:3      | Reached XP level 5. HP: 47/47 MP: 5/5
  2784 | D:4      | Reached skill level 5 in Axes
  2843 | D:4      | Noticed an ogre
  2848 | D:4      | Killed an ogre
  2849 | D:4      | Reached XP level 6. HP: 53/53 MP: 6/6
  3124 | D:4      | You fall into a shaft and drop 3 floors!
  3141 | D:7      | Reached skill level 6 in Axes
  3141 | D:7      | Reached skill level 1 in Dodging
  3142 | D:7      | Reached XP level 7. HP: 12/60 MP: 7/7
  3621 | D:6      | Found Seopirhora's Weapon Emporium.
  3638 | D:5      | Entered Level 5 of the Dungeon
  3647 | D:5      | Reached skill level 7 in Axes
  3781 | D:5      | Reached skill level 5 in Armour
  3865 | D:5      | Reached skill level 5 in Fighting
  4020 | D:5      | Reached skill level 8 in Axes
  4020 | D:5      | Reached skill level 5 in Shields
  4020 | D:5      | Reached XP level 8. HP: 64/68 MP: 8/8
  4280 | D:5      | Found a sand-covered staircase.
  4286 | Ossuary  | Entered an ossuary
  4673 | D:5      | Reached skill level 9 in Axes
  5031 | D:4      | Noticed Grinder
  5037 | D:4      | Killed Grinder
  5599 | D:5      | Reached XP level 9. HP: 74/78 MP: 9/9
  5631 | D:5      | Reached skill level 10 in Axes
  6085 | D:6      | Noticed Eustachio
  6116 | D:6      | Killed Eustachio
  6299 | D:6      | Noticed Sigmund
  6326 | D:6      | Killed Sigmund
  7161 | D:7      | Reached skill level 11 in Axes
  7420 | D:7      | Killed from afar by an orc priest

Illustrated notes

Levels and vault maps discovered:
D:1:      sevenhm_arrival_forest_fort_large_2, layout_loops_cross,
          minmay_unequal
D:2:      layout_basic, doesnt_xom_only_xom
D:3:      layout_basic, chequers_ecumenical_altar_simple, serial_corexii_hall,
          chequers_hall_statues_corner_a, chequers_hall_statues_corner_a
D:4:      layout_gridville, uniq_grinder
D:5:      layout_loops_ring, nicolae_ossuary_entry_catacombs
D:6:      layout_basic, serial_shops, shop, uniq_eustachio, uniq_sigmund
D:7:      layout_cave_pools, nicolae_qazlal_general_emergency,
          minmay_overflow_temple_star_hex, tso_oasis_becter,
          lightli_temple_of_fire, minmay_temple_entry_grid, skrybe_limestone_x

Skill      XL: |  1  2  3  4  5  6  7  8  9 |
---------------+----------------------------+-----
Axes           | 3 4 5 6 8 9 11 | 11.2
Fighting       | 4 5 6 7 |  7.5
Armour         | 4 5 6 |  6.8
Shields        | 4 5 6 |  6.3
Dodging        | 1 2 |  2.2
Throwing       | |  0.3
Stealth        | |  0.4

Action                   |  1- 3 |  4- 6 |  7- 9 || total
-------------------------+-------+-------+-------++-------
Melee: War axe           |   105 |   114 |   402 ||   621
Throw: Javelin           |       |     4 |       ||     4
  Use: Scroll            |     2 |     4 |     3 ||     9
       Potion            |       |       |     2 ||     2
Armor: Scale mail        |    56 |    49 |   124 ||   229
Dodge: Dodged            |    40 |    38 |   118 ||   196
Block: Kite shield       |    74 |    56 |   178 ||   308
